 Dungeon Crawl Stone Soup version 0.22-a0-750-ga7dcef7 (webtiles) character file.

7168 jerryfan the Covert (level 11, 0/70 HPs)
             Began as a Halfling Assassin on June 28, 2018.
             Slain by a two-headed ogre
             ... wielding the cursed +1 dire flail "Urgheroacw" {crush, MR++}
              (3 damage)
             ... on level 10 of the Dungeon on July 15, 2018.
             The game lasted 00:56:06 (11894 turns).

jerryfan the Covert (Halfling Assassin)            Turns: 11894, Time: 00:56:07

Health: 0/70       AC:  8    Str: 12    XL:     11   Next: 32%
Magic:  14/14      EV: 21    Int:  9    God:
Gold:   503        SH:  0    Dex: 20    Spells: 8/10 levels left

rFire    + . .     SeeInvis .   a - +1 hand crossbow (freeze)
rCold    . . .     Gourm    .   (shield restricted)
rNeg     . . .     Faith    .   c - +0 robe
rPois    .         Spirit   .   I - +1 helmet
rElec    .         Reflect  .   d - +0 cloak
rCorr    .         Harm     .   L - +0 pair of gloves
MR       .....                  (no boots)
Stlth    +++++.....             w - amulet of the acrobat
HPRegen  0.21/turn              l - ring of fire
MPRegen  0.14/turn              M - +2 ring of protection

@: no status effects
A: small, cold resistance 1, mutation resistance 1, robust 1
a: no special abilities


You were on level 10 of the Dungeon.
You were not hungry.

You visited 1 branch of the dungeon, and saw 10 of its levels.

You collected 503 gold pieces.

Inventory:

Hand Weapons
 a - a +1 hand crossbow of freezing (weapon)
 b - a +1 blowgun
 h - a +2 dagger of speed
 G - a +0 dagger of electrocution
Missiles
 e - 47 poisoned needles
 f - 8 tomahawks
 i - 45 sling bullets
 o - 304 stones
 q - 103 arrows
 r - 12 bolts (quivered)
 P - a throwing net
Armour
 c - a +0 robe (worn)
 d - a +0 cloak (worn)
 I - a +1 helmet (worn)
 L - a +0 pair of gloves (worn)
 N - the +5 shield of the Lute {rF+ Int+4}
   (You found it on level 10 of the Dungeon)

   It affects your intelligence (+4).
   It protects you from fire.
Jewellery
 l - a ring of fire (left hand)
 w - an amulet of the acrobat (around neck)
 H - an uncursed amulet of magic regeneration
 M - a +2 ring of protection (right hand)
 O - the ring "Qevofene" {-Tele Str+5 SInv}
   (You found it on level 9 of the Dungeon)

   [ring of see invisible]

   It affects your strength (+5).
   It lets you see invisible.
   It prevents most forms of teleportation.
Wands
 n - a wand of random effects (19)
 A - a wand of acid (2)
 D - a wand of clouds (5)
 F - a wand of enslavement (5)
 J - a wand of flame (85)
Scrolls
 j - a scroll of blinking
 p - 3 scrolls of noise
 s - a scroll of magic mapping
 t - 4 scrolls of teleportation
 u - 2 scrolls of enchant weapon
 x - 6 scrolls of identify
 y - 4 scrolls of fog
 B - a scroll of remove curse
 C - 2 scrolls of immolation
 E - a scroll of enchant armour {unknown}
Potions
 m - a potion of lignification
 v - a potion of curing
 z - a potion of magic
Comestibles
 g - 13 rations
 k - 4 chunks of flesh


   Skills:
 - Level 1.7 Fighting
 + Level 8.9 Short Blades
 + Level 7.4 Throwing
 + Level 7.9 Dodging
 * Level 12.6 Stealth
 + Level 4.7 Evocations


You had 8 spell levels left.
You knew the following spells:

 Your Spells              Type           Power        Failure   Level  Hunger
a - Blink                 Tloc           N/A          52%         2    ###....

Your spell library contained the following spells:

 Spells                   Type           Power        Failure   Level  Hunger
 Magic Dart               Conj           #...         38%         1    ##.....
 Conjure Flame            Conj/Fire      #.......     77%         3    ####...
 Slow                     Hex            #.......     52%         2    ###....
 Mephitic Cloud           Conj/Pois/Air  #.......     77%         3    ####...
 Call Imp                 Summ           #.......     52%         2    ###....


Dungeon Overview and Level Annotations

Branches:
Dungeon (10/15)            Temple (0/1) D:6            Lair (0/6) D:8
    Orc (0/2) D:10

Altars:
Elyvilon
Uskayaw

Shops:
D:6 [   D:9 (

Annotations:
D:4 exclusion: downstairs
D:6 2 transporters
D:8 exclusions: door and 3 more exclusions
D:10 Hebeh's ghost, novice DEFE


Innate Abilities, Weirdness & Mutations

You are small and have problems with some larger weapons.
You are somewhat resistant to further mutation.
Your flesh is cold resistant. (rC+)
You are robust. (+10% HP)


Message History

Okay, then.
Firing (i - inventory. (/) - cycle)
r - 14 bolts (quivered)
Press: ? - help, Shift-Dir - straight line, f/p - two-headed ogre
Aim: a two-headed ogre, wielding a fine dire flail {crush} and an enchanted great mace (severely wounded, covered in acid)
You shoot a bolt. The bolt hits the two-headed ogre.
The bolt freezes the two-headed ogre.
The two-headed ogre is almost dead.
The two-headed ogre hits you with a fine dire flail {crush}!
The two-headed ogre hits you with an enchanted great mace!
* * * LOW HITPOINT WARNING * * *
The ogre completely misses you.
Firing (i - inventory. (/) - cycle)
r - 13 bolts (quivered)
Press: ? - help, Shift-Dir - straight line, f/p - two-headed ogre
Aim: a two-headed ogre, wielding a fine dire flail {crush} and an enchanted great mace (almost dead, covered in acid)
You shoot a bolt.
The bolt hits the two-headed ogre but does no damage.
The two-headed ogre is almost dead.
The two-headed ogre hits you with a fine dire flail {crush}!
* * * LOW HITPOINT WARNING * * *
You die...

#......#########.#
.>####.# #.# .#*
#.# #.# #* #.# #.#
######.##### #.#
.........<.#####.#
######..........O#
#####.#####O#
#.#####@#
#.......#
#########


You could see a two-headed ogre and an ogre.

Vanquished Creatures
  2 two-headed ogres (D:9)
  Grum (D:8)
  A hippogriff (D:10)
  Sigmund (D:2)
  A wyvern (D:9)
  Eustachio (D:4)
  A wraith (D:8)
  5 yaks (D:8)
  A hungry ghost (D:7)
  2 soldier ants (D:10)
  4 orc warriors
  An eye of draining (D:10)
  A black bear (D:6)
  4 sky beasts
  5 ogres
  A wolf (D:8)
  2 centaurs
  A crocodile (D:9)
  2 big kobolds
  3 bullfrogs
  A gnoll sergeant (D:10)
  6 scorpions
  6 howler monkeys
  3 crimson imps
  A centaur zombie (D:5)
  7 orc priests
  3 orc wizards
  5 hounds
  Jessica (D:3)
  5 iguanas
  8 worker ants
  2 hound zombies
  A howler monkey zombie (D:7)
  A worker ant zombie (D:9)
  5 adders
  7 gnolls
  2 shadow imps
  An ooze (D:2)
  A worm (D:4)
  2 dart slugs
  9 leopard geckos
  30 orcs
  3 giant cockroaches
  12 goblins
  12 hobgoblins
  6 jackals
  5 quokkas
  3 ball pythons
  5 bats
  8 frilled lizards
  A jackal skeleton (D:6)
  16 kobolds
  A quokka skeleton (D:7)
  7 rats
226 creatures vanquished.

Vanquished Creatures (collateral kills)
  A wolf (D:8)
  An orc priest (D:7)
  3 gnolls (D:7)
  An orc (D:7)
6 creatures vanquished.

Vanquished Creatures (others)
  A wolf (D:8)
  A bullfrog (D:7)
  A gnoll (D:7)
3 creatures vanquished.

Grand Total: 235 creatures vanquished

Notes
Turn   | Place    | Note
-------+----------+-------------------------------------------
     0 | D:1      | jerryfan the Halfling Assassin began the quest for the Orb.
     0 | D:1      | Reached XP level 1. HP: 14/14 MP: 1/1
   228 | D:1      | Reached XP level 2. HP: 19/19 MP: 2/2
   446 | D:1      | Reached XP level 3. HP: 19/24 MP: 3/3
   720 | D:1      | Reached skill level 5 in Stealth
  1491 | D:2      | Reached XP level 4. HP: 29/29 MP: 4/4
  1654 | D:2      | Noticed Sigmund
  1677 | D:2      | Killed Sigmund
  1677 | D:2      | Reached skill level 6 in Stealth
  1677 | D:2      | Reached XP level 5. HP: 25/34 MP: 5/5
  1677 | D:2      | Reached XP level 6. HP: 29/39 MP: 6/6
  2110 | D:3      | Noticed Jessica
  2117 | D:3      | Killed Jessica
  2687 | D:4      | Found a hide-covered altar of Uskayaw.
  2689 | D:4      | Noticed a hand axe
  2690 | D:4      | Noticed a dagger
  2850 | D:4      | Reached XP level 7. HP: 28/44 MP: 7/7
  3029 | D:4      | Reached skill level 7 in Stealth
  3064 | D:4      | Noticed Eustachio
  3104 | D:4      | Killed Eustachio
  3143 | D:4      | Reached skill level 5 in Short Blades
  3143 | D:4      | Reached XP level 8. HP: 29/49 MP: 8/8
  3962 | D:4      | Reached skill level 8 in Stealth
  4113 | D:5      | Entered Level 5 of the Dungeon
  4995 | D:6      | Found Joaff's Armour Shop.
  5028 | D:6      | Found a transporter.
  5030 | D:6      | Noticed a kobold demonologist
  5035 | D:6      | Noticed an orc sorcerer
  5044 | D:6      | Found a transporter.
  5089 | D:6      | Reached skill level 5 in Dodging
  5089 | D:6      | Reached skill level 9 in Stealth
  5196 | D:6      | Reached skill level 5 in Throwing
  5196 | D:6      | Reached XP level 9. HP: 54/54 MP: 9/9
  5207 | D:6      | Found a staircase to the Ecumenical Temple.
  5803 | D:7      | Reached skill level 10 in Stealth
  5962 | D:7      | Reached skill level 1 in Evocations
  6402 | D:7      | Gained mutation: You are robust. (+10% HP) [potion of mutation]
  6402 | D:7      | Gained mutation: Your flesh is cold resistant. (rC+) [potion of mutation]
  7006 | D:8      | Found a staircase to the Lair.
  7092 | D:8      | Noticed Grum
  7100 | D:8      | HP: 2/59 [wraith (2)]
  7658 | D:8      | Upgraded the game from 0.22-a0-565-gfc6459a to 0.22-a0-750-ga7dcef7
  7840 | D:8      | Reached XP level 10. HP: 66/66 MP: 11/11
  7885 | D:8      | Killed Grum
  8133 | D:8      | Learned a level 2 spell: Blink
  8406 | D:9      | Noticed a two-headed ogre
  8492 | D:8      | Reached skill level 11 in Stealth
  8588 | D:9      | Got a transparent wooden ring
  8589 | D:9      | Identified the ring "Qevofene" {-Tele Str+5 SInv} (You found it on level 9 of the Dungeon)
  9050 | D:9      | Noticed a two-headed ogre
  9310 | D:9      | Found Kyezum's Weapon Shoppe.
  9653 | D:9      | Killed a two-headed ogre
 10542 | D:9      | Killed a two-headed ogre
 10542 | D:9      | Reached skill level 12 in Stealth
 10542 | D:9      | Reached XP level 11. HP: 50/70 MP: 12/14
 10714 | D:10     | Entered Level 10 of the Dungeon
 10767 | D:10     | Got a distressingly furry shield
 10779 | D:10     | Identified the +5 shield of the Lute {rF+ Int+4} (You found it on level 10 of the Dungeon)
 11233 | D:10     | Found a white marble altar of Elyvilon.
 11644 | D:10     | Found a staircase to the Orcish Mines.
 11856 | D:10     | Found a transporter.
 11856 | D:10     | Noticed Hebeh's ghost (novice DEFE)
 11859 | D:10     | Found a transporter.
 11859 | D:10     | Noticed a two-headed ogre
 11894 | D:10     | HP: 3/70 [two-headed ogre/fine dire flail {crush} (12)]
 11894 | D:10     | Identified the cursed +1 dire flail "Urgheroacw" {crush, MR++}
 11894 | D:10     | Slain by a two-headed ogre

Vault maps used:
D:1:      erik_arrival_cave_to_civilisation
D:2:      uniq_sigmund
D:3:      uniq_jessica
D:4:      dancing_weapons_uskayaw, uniq_eustachio
D:5:      first_ration
D:6:      gammafunk_wand_slinger, minmay_temple_entry_glassed_door,
          serial_shops, kennysheep_mini, minmay_misc_feat_ornament,
          minmay_crystal_room, kennysheep_small_circle
D:8:      lair_entry_dummy, grunt_livestock, uniq_grum
D:9:      serial_shops, shop_fountains
D:10:     orc_0_dummy, gammafunk_ghost_smash, elyvilon_altar_3

Skill      XL: |  1  2  3  4  5  6  7  8  9 10 |
---------------+-------------------------------+-----
Stealth        | 5 6 7 9 10 12 | 12.6
Short Blades   | 3 4 5 6 7 8 |  8.9
Dodging        | 2 3 4 5 6 7 |  7.9
Throwing       | 3 4 5 6 7 |  7.4
Evocations     | 2 4 |  4.7
Fighting       | |  1.7

Action                   |  1- 3 |  4- 6 |  7- 9 | 10-12 || total
-------------------------+-------+-------+-------+-------++-------
Melee: Dagger            |   113 |   188 |   592 |   492 ||  1385
       Blowgun           |       |       |     2 |       ||     2
 Fire: Blowgun           |       |     4 |    29 |    76 ||   109
       Hand crossbow     |       |       |       |     7 ||     7
Throw: Stone             |       |     1 |     3 |     7 ||    11
       Tomahawk          |       |       |       |    35 ||    35
       Throwing net      |       |       |       |     2 ||     2
 Cast: Blink             |       |       |       |     2 ||     2
Evoke: Wand              |       |       |    14 |     3 ||    17
  Use: Potion            |       |     2 |    11 |       ||    13
       Scroll            |       |       |     6 |    14 ||    20
 Stab: Sleeping          |     7 |    10 |    22 |    10 ||    49
       Invisible         |       |       |     3 |       ||     3
       Distracted        |       |       |     1 |     3 ||     4
       Held in net/web   |       |       |       |     1 ||     1
  Eat: Chunk             |     2 |     3 |    11 |     6 ||    22
       Ration            |       |       |     3 |     1 ||     4
Armor: Robe              |    18 |    22 |    41 |    29 ||   110
       Skin              |       |       |    45 |       ||    45
Dodge: Dodged            |    57 |   103 |   248 |   258 ||   666

Table legend:
 A = Spawn XP
 B = Non-spawn XP
 C = Spawn XP percentage of total XP
 D = Spawn monster count
 E = Non-spawn monster count
 F = Spawn count percentage of total count
 G = Total turns spent on level
                    A         B        C        D         E        F      G
               +---------+---------+-------+---------+---------+-------+---------
         Total |       0 |   10241 |   0.0 |       0 |     233 |   0.0 | 11894
               +---------+---------+-------+---------+---------+-------+---------
           D:1 |       0 |      60 |   0.0 |       0 |      32 |   0.0 |  1389
           D:2 |       0 |     304 |   0.0 |       0 |      29 |   0.0 |   660
           D:3 |       0 |      58 |   0.0 |       0 |      13 |   0.0 |   633
           D:4 |       0 |     818 |   0.0 |       0 |      19 |   0.0 |  1602
           D:5 |       0 |     650 |   0.0 |       0 |      15 |   0.0 |   699
           D:6 |       0 |     611 |   0.0 |       0 |      13 |   0.0 |   495
           D:7 |       0 |     941 |   0.0 |       0 |      34 |   0.0 |  1478
           D:8 |       0 |    2117 |   0.0 |       0 |      18 |   0.0 |  1981
           D:9 |       0 |    2900 |   0.0 |       0 |      29 |   0.0 |  1777
          D:10 |       0 |    1782 |   0.0 |       0 |      31 |   0.0 |  1180
               +---------+---------+-------+---------+---------+-------+---------
